 Dungeon Crawl Stone Soup version 0.18.1-50-g88ac8fd (webtiles) character file.

93 Peloso the Skirmisher (level 4, -1/40 HPs)
             Began as a Ghoul Fighter on Oct 27, 2016.
             Slain by an adder (3 damage)
             ... on level 2 of the Dungeon.
             The game lasted 00:03:20 (992 turns).

Peloso the Skirmisher (Ghoul Fighter)                Turns: 992, Time: 00:03:21

Health: -1/40      AC:  9    Str: 19    XL:     4   Next: 61%
Magic:  3/3        EV:  0    Int:  3    God:
Gold:   144        SH:  9    Dex:  9    Spells: 0 memorised, 3 levels left

rFire  . . .     SeeInvis .     a - +0 long sword
rCold  + . .     Gourm    .     i - +0 chain mail
rNeg   + + +     Faith    .     c - +0 shield
rPois  ∞         Spirit   .     (no helmet)
rElec  .         Dismiss  .     (no cloak)
rCorr  .         Reflect  .     (no gloves)
SustAt .         Harm     .     (no boots)
MR     .....                    (no amulet)
Stlth  ..........               (no ring)
                                (no ring)

@: rotting, not resistant to hostile enchantments, extremely unstealthy
A: rotting body, claws 1, carnivore 3, cold resistance 1, negative energy
resistance 3, slow regeneration 1, torment resistance, unbreathing
a: no special abilities


You were on level 2 of the Dungeon.
You were not hungry.

You visited 1 branch of the dungeon, and saw 2 of its levels.

You collected 144 gold pieces.

Inventory:

Hand Weapons
 a - a +0 long sword (weapon)
Armour
 b - a +0 scale mail
 c - a +0 shield (worn)
 i - a +0 chain mail (worn)
Scrolls
 j - a scroll of enchant armour {unknown}
 m - a scroll of random uselessness {unknown}
 n - 2 scrolls of identify {unknown}
Potions
 d - a potion of might
 e - 2 potions of heal wounds {unknown}
 h - a potion of degeneration {unknown}
 l - a potion of flight {unknown}
Comestibles
 f - a meat ration
 g - a chunk of flesh
 k - a beef jerky


   Skills:
 + Level 4.2 Fighting
 + Level 2.1 Long Blades
 + Level 3.1 Armour
 + Level 0.8 Dodging
 + Level 3.3 Shields


You had 3 spell levels left.
You didn't know any spells.

Dungeon Overview and Level Annotations

Branches:
Dungeon (2/15)

Altars:
Nemelex Xobeh
Xom


Innate Abilities, Weirdness & Mutations

Your body is rotting away.
You thrive on raw meat.
You are immune to poison.
You have sharp fingernails.
You are carnivorous and can eat meat at any time.
Your flesh is cold resistant.
You are immune to negative energy.
You regenerate slowly when monsters are visible.
You are immune to unholy pain and torment.
You can survive without breathing.


Message History

You barely miss the adder.
The adder is almost dead.
You block the gnoll's attack. The adder bites you.
* * * LOW HITPOINT WARNING * * *
The adder bites you.
* * * LOW HITPOINT WARNING * * *
The gnoll hits you but does no damage.
You closely miss the adder.
The adder is almost dead.
The adder bites you.
* * * LOW HITPOINT WARNING * * *
The gnoll hits you but does no damage.
You miss the adder.
The adder is almost dead.
The adder bites you but does no damage.
The gnoll hits you from afar with a spear.
* * * LOW HITPOINT WARNING * * *
The adder barely misses you. The adder bites you.
You die...

.#.####.#........#
...##...#........#
...g..# #........#
..g...####......#
.......gS#......#
......##g#......#
########.#._..wg#
#.....#.#...ggS##
##.###.#.....###@#
...# #.#####.# #.#
#### #.# #.# #..
<.# #.#####.# ####
#.# #.#.....#
#.####.#.#########
#.##...#.........#
..##.###########.#
####.# #.#


You could see 2 gnolls, an adder, a dart slug and a hobgoblin.

Vanquished Creatures
  6 gnolls
  A worm (D:2)
  3 dart slugs (D:1)
  A giant cockroach (D:1)
  2 goblins (D:1)
  4 hobgoblins
  2 jackals (D:1)
  2 ball pythons
  2 bats
  2 giant newts (D:1)
  A kobold (D:1)
  6 rats (D:1)
32 creatures vanquished.

Notes
Turn   | Place    | Note
--------------------------------------------------------------
     0 | D:1      | Peloso the Ghoul Fighter began the quest for the Orb.
     0 | D:1      | Reached XP level 1. HP: 19/19 MP: 0/0
    89 | D:1      | Reached XP level 2. HP: 26/26 MP: 1/1
   224 | D:1      | Reached XP level 3. HP: 29/33 MP: 2/2
   377 | D:1      | Reached skill level 4 in Fighting
   522 | D:2      | Found a sparkling altar of Nemelex Xobeh.
   755 | D:2      | Reached XP level 4. HP: 35/40 MP: 3/3
   816 | D:2      | Found a shimmering altar of Xom.
   991 | D:2      | HP: 2/40 [gnoll/spear (4)]
   992 | D:2      | Slain by an adder

Skill      XL: |  1  2  3  4 |
---------------+-------------+-----
Shields        | 3 |  3.3
Fighting       | 4 |  4.2
Long Blades    | 2 |  2.1
Armour         | 3 |  3.1
Dodging        | |  0.8

Action                   |  1- 3 |  4- 6 || total
-------------------------+-------+-------++-------
Melee: Long sword        |   106 |    65 ||   171
  Eat: Chunk             |     2 |     6 ||     8
Armor: Scale mail        |     8 |       ||     8
       Chain mail        |    50 |    57 ||   107
Dodge: Dodged            |    25 |    31 ||    56
Block: Shield            |    52 |    56 ||   108
